 Dungeon Crawl Stone Soup version 0.30.1-11-g7821555f0a (webtiles) character file.

Game seed: 15178907471413449978

805 Nonny the Cudgeller (level 7, 0/56 HPs)
             Began as a Merfolk Cinder Acolyte on Dec 2, 2023.
             Was a High Priest of Ignis.
             Slain by an acid dragon (5 damage)
             ... on level 9 of the Dungeon.
             The game lasted 00:14:13 (4404 turns).

Nonny the Cudgeller (Merfolk Cinder Acolyte)        Turns: 4404, Time: 00:14:14

Health: 0/56       AC:  4    Str: 16    XL:     7   Next: 91%
Magic:  8/8        EV: 12    Int: 14    God:    Ignis [*****.]
Gold:   159        SH:  0    Dex:  9    Spells: 8/8 levels left

rFire   + . .        z - +2 whip (venom)
rCold   + . .        (no shield)
rNeg    . . .        x - +1 leather armour {rC+}
rPois   .            (no helmet)
rElec   .            h - +2 cloak
rCorr   .            o - +0 pair of gloves
SInv    .            (no boots)
Will    .....        (no amulet)
Stlth   ++           (no ring)
HPRegen 0.29/turn    (no ring)
MPRegen 0.11/turn

%: no passive effects
@: corroded
A: (nimble swimmer 2), mertail
a: Renounce Religion, Fiery Armour, Foxfire Swarm, Rising Flame


You were on level 9 of the Dungeon.
You worshipped Ignis.
Ignis was extremely pleased with you.
You visited 2 branches of the dungeon, and saw 8 of its levels.

You collected 382 gold pieces.
You spent 223 gold pieces at shops.

Inventory:

Hand Weapons
 a - a -1 mace of flaming
 s - a +0 whip of electrocution
 w - a +0 mace of holy wrath
 z - a +2 whip of venom (weapon)
Missiles
 e - 37 stones (quivered)
 k - 3 poisoned darts
 l - 9 curare-tipped darts
Armour
 h - a +2 cloak (worn)
 o - a +0 pair of gloves (worn)
 x - a +1 leather armour of cold resistance (worn)
Jewellery
 n - a ring of resist corrosion
 D - a ring of protection from cold
 E - a ring of protection from cold
Wands
 y - a wand of polymorph (9)
Scrolls
 c - 2 scrolls of amnesia
 i - 4 scrolls of fear
 j - 2 scrolls of fog
 p - a scroll of enchant armour
 u - 4 scrolls of teleportation
Potions
 b - 2 potions of curing
 d - 2 potions of heal wounds
 g - a potion of might {unknown}
 m - 2 potions of berserk rage
 t - 2 potions of haste {unknown}
 v - a potion of brilliance
 C - a potion of lignification {unknown}


   Skills:
 + Level 5.1 Fighting
 + Level 5.6 Maces & Flails
 - Level 2.0 Armour
 + Level 2.8 Dodging
 - Level 3.0 Stealth
 - Level 1.0 Spellcasting
 - Level 2.1 Fire Magic


You had 8 spell levels left.
You didn't know any spells.
Your spell library contained the following spells:

 Spells                   Type           Power      Damage    Failure   Level
 Scorch                   Fire           12%        2d6       21%         2
 Beastly Appendage        Tmut           0%         N/A       32%         1
 Sandblast                Erth           0%         2d4       32%         1
 Blink                    Tloc           0%         N/A       43%         2
 Lesser Beckoning         Tloc           0%         N/A       43%         2
 Momentum Strike          Conj/Tloc      0%         3d8       43%         2
 Passwall                 Tmut/Erth      0%         N/A       43%         2
 Sublimation of Blood     Necr           0%         N/A       43%         2
 Wereblood                Tmut           0%         N/A       43%         2
 Spider Form              Tmut/Pois      0%         N/A       67%         3
 Stone Arrow              Conj/Erth      0%         3d7       67%         3
 Summon Guardian Golem    Hex/Summ       0%         N/A       67%         3
 Orb of Destruction       Conj           0%         9d5       100%        7
 Spellforged Servitor     Conj/Summ      0%         N/A       100%        7
 Summon Hydra             Summ           0%         N/A       100%        7


Dungeon Overview and Level Annotations

Branches:
Dungeon (6/15)             Temple (1/1) D:5

Altars:
Ashenzari
Cheibriados
Dithmenos
Fedhas
Gozag
Hepliaklqana
Kikubaaqudgha
Makhleb
Qazlal
Ru
Trog
Uskayaw
Vehumet
Wu Jian
Xom
Yredelemnul
Zin
The Shining One

Shops:
D:5 *   D:6 =

Annotations:
D:5 Grinder


Innate Abilities, Weirdness & Mutations

((You are very nimble when in or above water. (Stealth+, EV+, Speed+++)))
Your lower body shifts to a powerful aquatic tail in water.


Message History

The acid dragon closely misses you. The acid dragon barely misses you.
You closely miss the acid dragon.
The acid dragon is heavily wounded.
The acid dragon bites you!
* * * LOW HITPOINT WARNING * * *
The acid dragon claws you but does no damage.
You hit the acid dragon.
The acid dragon is heavily wounded.
The acid dragon barely misses you. The acid dragon closely misses you.
Unknown command.
You feel much better. The acid dragon misses you. The acid dragon claws you.
Aiming: Polymorph
Press: ? - help, Shift-Dir - straight line, f/p - acid dragon
Aim: an acid dragon (heavily wounded, will become a golden eye, a sky beast, or a fire bat, chance to affect: 49%)
Okay, then.
You closely miss the acid dragon.
The acid dragon is heavily wounded.
The acid dragon bites you.
The acid dragon claws you but does no damage.
You hit the acid dragon.
The acid dragon is severely wounded.
You hit the acid dragon but do no damage.
The acid dragon is severely wounded.
The acid dragon bites you. The acid dragon closely misses you.
You closely miss the acid dragon.
The acid dragon is severely wounded.
The acid dragon barely misses you. x2
You barely miss the acid dragon.
The acid dragon is severely wounded.
The acid dragon closely misses you. The acid dragon misses you.
You barely miss the acid dragon.
The acid dragon is severely wounded.
The acid dragon spits acid at you. The splash of acid hits you!!
* * * LOW HITPOINT WARNING * * *
The acid corrodes you!
You hit the acid dragon.
The acid dragon is severely wounded.
The acid dragon bites you.
You die...

...................
..#########..#####
. .................
.................
.................
######..#######..
#..# . #..# #@.#
......D.^......
.....(.........
...............
...............
...............
...............
.######........


You could see an acid dragon (catching breath).

Vanquished Creatures
  Sigmund (D:2)
  A black bear (D:6)
  A centaur (D:5)
  2 scorpions
  A jelly (D:4)
  A hound (D:3)
  Jessica (D:2)
  An iguana (D:5)
  2 orc wizards
  6 adders
  An ufetubus (D:5)
  A worm (D:2)
  4 dart slugs
  12 orcs
  8 ball pythons
  11 bats
  9 endoplasms
  10 giant cockroaches
  13 goblins
  6 hobgoblins
  5 jackals (D:4)
  3 quokkas
  4 frilled lizards
  6 kobolds
  6 rats
116 creatures vanquished.

Notes
Turn   | Place    | Note
-------+----------+-------------------------------------------
     0 | D:1      | Nonny the Merfolk Cinder Acolyte began the quest for the
                  | Orb.
     0 | D:1      | Reached XP level 1. HP: 18/18 MP: 2/2
   261 | D:1      | Reached XP level 2. HP: 24/24 MP: 3/3
   415 | D:1      | +2 cloak
   442 | D:1      | Reached skill level 1 in Stealth
   566 | D:1      | Reached XP level 3. HP: 28/30 MP: 4/4
   649 | D:1      | Found a faded altar of an unknown god.
   846 | D:2      | Found a shimmering altar of Xom.
   903 | D:2      | Reached XP level 4. HP: 34/37 MP: 5/5
   950 | D:2      | Noticed Sigmund
   964 | D:2      | Killed Sigmund
   965 | D:2      | Reached skill level 1 in Armour
   965 | D:2      | Reached XP level 5. HP: 42/42 MP: 6/6
   984 | D:2      | Reached XP level 6. HP: 48/48 MP: 7/7
  1501 | D:2      | Noticed Jessica
  1508 | D:2      | Killed Jessica
  1586 | D:3      | Found a sacrificial altar of Ru.
  2478 | D:3      | Found a faded altar of an unknown god.
  2481 | D:3      | Found an ornate altar of the Wu Jian Council.
  2927 | D:4      | Reached XP level 7. HP: 48/55 MP: 8/8
  2933 | D:4      | Reached skill level 1 in Dodging
  3177 | D:5      | Entered Level 5 of the Dungeon
  3187 | D:5      | Reached skill level 5 in Maces & Flails
  3216 | D:5      | Found a staircase to the Ecumenical Temple.
  3242 | Temple   | Entered the Ecumenical Temple
  3281 | Temple   | Temple: storm view
  3329 | D:5      | Found Quwnuar's General Store.
  3340 | D:5      | Bought 2 scrolls of teleportation for 78 gold pieces
  3340 | D:5      | Bought a scroll of fog for 52 gold pieces
  3340 | D:5      | Bought 6 curare-tipped darts for 93 gold pieces
  3387 | D:5      | Found a hazy altar of Hepliaklqana.
  3542 | D:5      | Noticed Grinder
  3545 | D:5      | Paralysed by Grinder for 4 turns
  4002 | D:6      | Reached skill level 5 in Fighting
  4087 | D:6      | Found Reel's Jewellery Shop.
  4279 | D:6      | You fall into a shaft and drop 3 floors!
  4404 | D:9      | Slain by an acid dragon

Illustrated notes ######.### #.@....... #.######## #.# #.# ####.#### #.......# ###.##.##.# #.......# # ### #.#.##..# Turn 415 on D:1: +2 cloak

###_......._###
##.............##
##_............._##
##.....#######.....##
#_....##§§§..##...._#
#....##.§§§§§.##....#
##....#.§§§§§§§.#....#
#.....#..§§§§§§.#.....
#<...@#§§§§§§§§.#...._
#.....#.§§§§§§§.#.....
##....#..§§§§§§.#....#
#....##.§.§§§.##....#
#_....##..§..##...._#
##.....#######.....##
##_............._##
##.............##
###_......._###


Turn 3281 on Temple: Temple: storm view

Levels and vault maps discovered:
D:1:      mrwooster_arrival_statue_2, layout_loops_cross,
          basic_ecumenical_altar, minmay_shallow_snake_nest
D:2:      layout_loops_cross, basic_altar, minmay_increasing_density,
          uniq_sigmund, uniq_jessica
D:3:      layout_basic, amcnicky_altar_gilded,
          nicolae_overflow_ecumenical_swirl, corexii_leaking_fountain
D:4:      layout_rooms
D:5:      layout_loops_corners, mainiacjoe_overflow_catwalk,
          minmay_temple_entry_glass, serial_shops, nicolae_shop_trees,
          uniq_grinder
D:6:      due_chaos_kobolds, layout_basic, serial_shops, shop,
          chequers_decorated_corner, nicolae_kite_square_tiling_tiny,
          corner_web_ring
D:9:      layout_long_grid, lemuel_coloured_pillars_altar, orc_0_dummy,
          special_room [special_room_bee]
Temple:   hellmonk_temple_of_storms

Skill      XL: |  1  2  3  4  5  6  7 |
---------------+----------------------+-----
Stealth        | 1 2 3 |  3.0
Maces & Flails | 3 4 5 |  5.6
Fighting       | 4 5 |  5.1
Armour         | 1 2 |  2.0
Dodging        | 2 |  2.8
Spellcasting   | |  1.0
Fire Magic     | |  2.1

Action                     |  1- 3 |  4- 6 |  7- 9 || total
---------------------------+-------+-------+-------++-------
  Melee: Mace              |   101 |   140 |       ||   241
         Whip              |       |    81 |    95 ||   176
         Punch             |       |     2 |       ||     2
  Throw: Throwing net      |       |       |     1 ||     1
 Invoke: Fiery Armour      |       |     1 |       ||     1
    Use: Scroll            |     4 |     3 |     5 ||    12
         Potion            |       |       |     1 ||     1
 Armour: Scale mail        |    16 |       |       ||    16
         Chain mail        |    69 |   145 |       ||   214
         Leather armour    |       |    20 |    36 ||    56
  Dodge: Dodged            |    54 |   101 |    48 ||   203
